 Dungeon Crawl Stone Soup version 0.29.0-7-g18a832c13a (webtiles) character file.

Game seed: 16605252731456954623

26 LynnLen the Digger (level 3, 0/26 HPs)
             Began as a Meteoran Earth Elementalist on Aug 31, 2022.
             Slain by a quokka (4 damage)
             ... on level 3 of the Dungeon.
             The game lasted 00:01:55 (310 turns).

LynnLen the Digger (Meteoran Earth Elementalist)     Turns: 310, Time: 00:01:55

Health: 0/26       AC:  2    Str: 10    XL:     3   Next: 41%
Magic:  6/8        EV: 12    Int: 18    God:
Gold:   28         SH:  0    Dex: 14    Spells: 5/8 levels left

rFire   . . .      SeeInvis .   (no weapon)
rCold   . . .      Faith    .   (no shield)
rNeg    . . .      Spirit   .   a - +0 robe
rPois   .          Reflect  .   (no helmet)
rElec   .          Harm     .   (no cloak)
rCorr   .          Rampage  .   (no gloves)
Will    .....                   (no boots)
Stlth   +.........              (no amulet)
HPRegen 0.08/turn               (no ring)
MPRegen 0.11/turn               (no ring)

@: glowing
A: sense surroundings 1, otherworldly, glowing, explore regen
a: no special abilities


You were on level 3 of the Dungeon.
You visited 1 branch of the dungeon, and saw 3 of its levels.

You collected 28 gold pieces.

Inventory:

Armour
 a - a +0 robe (worn)
Jewellery
 d - an amulet of reflection
Scrolls
 c - a scroll of teleportation {unknown}
 f - 2 scrolls of amnesia {unknown}
Potions
 b - a potion of magic
 e - a potion of curing {unknown}


   Skills:
 + Level 2.8 Dodging
 + Level 1.7 Stealth
 + Level 3.1 Spellcasting
 + Level 1.9 Transmutations
 + Level 3.9 Earth Magic


You had 5 spell levels left.
You knew the following spells:

 Your Spells              Type           Power      Damage    Failure   Level
a - Sandblast             Erth           34%        2d9       3%          1
b - Passwall              Tmut/Erth      10%        N/A       8%          2

Your spell library contained the following spells:

 Spells                   Type           Power      Damage    Failure   Level
 Stone Arrow              Conj/Erth      18%        3d8       22%         3
 Petrify                  Tmut/Erth      13%        N/A       43%         4


Dungeon Overview and Level Annotations

Branches:
Dungeon (3/15) Zot: 1479

Altars:


Innate Abilities, Weirdness & Mutations

You passively map a small area around you.
You are easily found by Zot.
You glow in the dark.
You regain HP and MP as you explore.


Message History

You are poisoned.
The adder poisons you!
Aiming: Sandblast (safe; 3% risk of failure)
Press: ? - help, Q - select action, (/) - cycle Shift-Dir - straight line, f/p - adder
Aim: an adder (lightly wounded, 70% to hit)
The blast of sand hits the adder!
You kill the adder!
You feel very sick.
Unknown command.
You feel sick.
There is a stone staircase leading down here.
You feel sick.
You climb downwards.
You feel sick.
There is a stone staircase leading up here.
Found a mace.
You feel sick.
You feel sick.
You are no longer poisoned.
Found a metallic emerald potion.
You open the door.
There is an open door here.
A quokka comes into view.
Found 30 gold pieces.
You hit the quokka.
The quokka is lightly wounded.
The quokka bites you.
Aiming: Sandblast (safe; 3% risk of failure)
Press: ? - help, Q - select action, (/) - cycle Shift-Dir - straight line, f - quokka
Aim: a quokka (lightly wounded, 75% to hit)
The blast of sand misses the quokka.
The quokka bites you. x2
* * * LOW HITPOINT WARNING * * *
Aiming: Sandblast (safe; 3% risk of failure)
Press: ? - help, Q - select action, (/) - cycle Shift-Dir - straight line, f/p - quokka
Aim: a quokka (lightly wounded, 75% to hit)
The blast of sand hits the quokka.
The quokka is heavily wounded.
The quokka bites you.
* * * LOW HITPOINT WARNING * * *
The quokka bites you.
You die...

#. , * #!
***** #. ,
* #. * ,
##.## , ,
#...#######
, *
#........<#
, *
#)..#######
* ,
#...'@r.# *
* *
#...###.# *
* ,, ##+##
.# * * * *
*.., ,* ..$
, , , ....
, , ,, ,
...$. , * *
* ...... ,
* ,


You could see a quokka.

Vanquished Creatures
  An adder (D:2)
  4 ball pythons
  2 endoplasms
  A giant cockroach (D:2)
  3 goblins (D:2)
  2 hobgoblins (D:2)
  A quokka (D:2)
  2 kobolds
16 creatures vanquished.

Notes
Turn   | Place    | Note
-------+----------+-------------------------------------------
     0 | D:1      | LynnLen the Meteoran Earth Elementalist began the quest for
                  | the Orb.
     0 | D:1      | Reached XP level 1. HP: 14/14 MP: 5/5
    54 | D:2      | Reached XP level 2. HP: 20/20 MP: 4/6
    59 | D:2      | Learned a level 2 spell: Passwall
   261 | D:2      | Reached XP level 3. HP: 26/26 MP: 6/8
   310 | D:3      | Slain by a quokka

Illustrated notes

Levels and vault maps discovered:
D:1:      giann_horns, layout_basic, shapermc_ecumenical_altar_pompeii
D:2:      layout_rooms, basic_altar
D:3:      layout_basic

Skill      XL: |  1  2 |
---------------+-------+-----
Spellcasting   | 3 |  3.1
Dodging        | |  2.8
Stealth        | |  1.7
Transmutations | |  1.9
Earth Magic    | |  3.9

Action                   || total
-------------------------++-------
Melee: Unarmed           ||     1
 Cast: Sandblast         ||    21
Armor: Robe              ||     6
Dodge: Dodged            ||    14
